 Dungeon Crawl Stone Soup version 0.21.1-1-g345015f (webtiles) character file.

8015 tidbits the Martial Artist (level 11, -8/83 HPs)
             Began as a Gnoll Transmuter on Mar 9, 2018.
             Was a Priest of Cheibriados.
             Mangled by a skeletal warrior
             ... wielding a +0 mace
             ... led by a skeletal warrior
              (12 damage)
             ... on level 12 of the Dungeon on Mar 10, 2018.
             The game lasted 00:30:08 (2511 turns).

tidbits the Martial Artist (Gnoll Transmuter)       Turns: 2511, Time: 00:30:09

Health: -8/83      AC: 15    Str: 20    XL:     11   Next: 24%
Magic:  13/20      EV: 20    Int: 24    God:    Cheibriados [***...]
Gold:   640        SH:  0    Dex: 25    Spells: 15/25 levels left

rFire    . . .     SeeInvis .     - Unarmed
rCold    . . .     Gourm    .   (shield currently unavailable)
rNeg     . . .     Faith    .   B - +2 robe of Watchfulness {MR+}
rPois    .         Spirit   .   E - +2 helmet
rElec    .         Reflect  .   (no cloak)
rCorr    .         Harm     .   (gloves currently unavailable)
MR       +....                  F - +1 pair of boots
Stlth    ++++......             (no amulet)
HPRegen  0.23/turn              U - +3 ring of protection
MPRegen  0.17/turn              W - ring of wizardry

@: blade hands, very slow
A: distributed training, fangs 1, talons 1, molten scales 1, dopey 1, low mp 1,
strong nose
a: End Transformation, Bend Time, Temporal Distortion, Renounce Religion


You were on level 12 of the Dungeon.
You worshipped Cheibriados.
Cheibriados was most pleased with you.
You were not hungry.
You had blades for hands.
You visited 2 branches of the dungeon, and saw 14 of its levels.
You also visited: Ossuary.

You collected 759 gold pieces.
You spent 119 gold pieces at shops.

Inventory:

Hand Weapons
 a - a +0 war axe of electrocution
   (You took it off an orc warrior on level 7 of the Dungeon)
 b - a +0 dagger of venom
   (You took it off an orc wizard on level 11 of the Dungeon)
 f - a +0 short sword
 l - a cursed -3 flail
 m - a +2 whip of electrocution
   (You took it off an orc on level 10 of the Dungeon)
 w - a +0 war axe of flaming
   (You found it on level 6 of the Dungeon)
 A - a +0 scimitar
 D - a +0 blowgun
Missiles
 k - 11 tomahawks
 r - 137 arrows
 x - 2 javelins (quivered)
 y - 42 stones
Armour
 g - a +2 robe of positive energy
   (You took it off Pikel on level 8 of the Dungeon)
 q - a cursed +0 ring mail
 B - the +2 robe of Watchfulness (worn) {MR+}
   (You bought it in a shop on level 4 of the Dungeon)

   It affects your resistance to hostile enchantments.
 E - a +2 helmet (worn)
 F - a +1 pair of boots (worn)
 G - a +2 pair of gloves (melded)
 H - a +1 hat
Magical Staves
 v - an uncursed staff of summoning
   (You found it on level 12 of the Dungeon)
Jewellery
 j - an uncursed ring of stealth
   (You found it on level 1 of the Dungeon)
 K - an uncursed ring of magical power
   (You found it on level 11 of the Dungeon)
 P - an uncursed ring of poison resistance
   (You found it on level 11 of the Dungeon)
 U - a +3 ring of protection (left scythe-like blade)
   (You found it on level 1 of the Dungeon)
 W - a ring of wizardry (right scythe-like blade)
   (You found it on level 6 of the Dungeon)
Wands
 i - a wand of polymorph (9)
 p - a wand of flame (17)
Scrolls
 e - a scroll of enchant weapon {unknown}
 h - a scroll of teleportation
 n - 2 scrolls of remove curse
 o - a scroll of blinking
 z - a scroll of magic mapping
 I - a scroll of immolation {unknown}
 J - 2 scrolls of vulnerability {unknown}
 O - a scroll of random uselessness {unknown}
Potions
 s - 2 potions of brilliance
 L - a potion of cancellation
Books
 d - a book of Changes

   Spells                             Type                      Level
   a - Beastly Appendage              Transmutation                1
   b - Sticks to Snakes               Transmutation                2
   c - Spider Form                    Transmutation/Poison         3
   d - Ice Form                       Ice/Transmutation            4
   e - Blade Hands                    Transmutation                5
Comestibles
 c - 13 rations


   Skills:
 + Level 6.6 Fighting
 + Level 6.0 Short Blades
 + Level 6.0 Long Blades
 + Level 6.0 Axes
 + Level 6.0 Maces & Flails
 + Level 6.0 Polearms
 + Level 6.0 Staves
 + Level 6.0 Slings
 + Level 6.0 Bows
 + Level 6.0 Crossbows
 + Level 6.0 Throwing
 + Level 6.0 Armour
 + Level 7.6 Dodging
 + Level 6.0 Stealth
 + Level 6.0 Shields
 + Level 9.0 Unarmed Combat
 + Level 7.9 Spellcasting
 + Level 5.0 Conjurations
 + Level 5.0 Hexes
 + Level 5.0 Charms
 + Level 5.0 Summonings
 + Level 5.0 Necromancy
 + Level 5.0 Translocations
 + Level 6.3 Transmutations
 + Level 5.0 Fire Magic
 + Level 5.0 Ice Magic
 + Level 5.0 Air Magic
 + Level 5.0 Earth Magic
 + Level 5.0 Poison Magic
 + Level 6.6 Invocations
 + Level 6.0 Evocations


You had 15 spell levels left.
You knew the following spells:

 Your Spells              Type           Power        Failure   Level  Hunger
h - Blade Hands           Tmut           #####.....   24%         5    #####..
k - Sticks to Snakes      Tmut           #####...     5%          2    None
p - Spider Form           Tmut/Pois      #####.....   9%          3    None


Dungeon Overview and Level Annotations

Branches:
Dungeon (13/15)            Temple (1/1) D:5
   Lair: D:8-11         Orc: D:9-12      Vaults: D:13-14

Altars:
Ashenzari
Cheibriados
Elyvilon
Fedhas
Kikubaaqudgha
Nemelex Xobeh
Okawaru
Qazlal
Sif Muna
Uskayaw
Vehumet
Wu Jian
Xom
Yredelemnul
Zin
The Shining One

Shops:
D:2 *   D:4 [

Annotations:
D:10 EvilAshe's ghost, journeyman DrWz


Innate Abilities, Weirdness & Mutations

Your experience applies equally to all skills.
You have very sharp teeth.
Your uncanny sense of smell can sniff out nearby items.
You have sharp toenails.
You are partially covered in molten scales. (AC +2)
You are dopey. (Int -2)
Your magical capacity is low. (-10% MP)


Message History

You swap places.
You flicker back into view.
You see here a pair of embroidered gloves.
o - a pair of embroidered gloves Your hands revert to their normal proportions.
Wear which item? (? for menu, Esc to quit)
You start putting on your armour.
You continue putting on your pair of embroidered gloves. x2
Your ball python withers and dies!
You continue putting on your pair of embroidered gloves. x2
You finish putting on your +2 pair of gloves.
Adjust (i)tems, (s)pells, or (a)bilities?
Adjust which item? (? for menu, Esc to quit)
o - a +2 pair of gloves (worn)
Adjust to which letter? (? for menu, Esc to quit)
G - a +2 pair of gloves (worn);
o - a scroll of blinking
Items here: ))) [ ††
Okay, then.
You see here a javelin.
x - a javelin You see here a javelin.
x - 2 javelins (gained 1)
There is a stone staircase leading down here.
You climb downwards.
Found a scroll labeled QETAIMETOS.
There is a stone staircase leading up here.
Unknown command.
Found a fluorescent wand.
You see here a scroll labeled QETAIMETOS.
J - 2 scrolls labeled QETAIMETOS (gained 1)
Found 18 gold pieces.
You found a teleport trap!
You see here a wand of flame (17).
p - a wand of flame (17)
Found an escape hatch in the ceiling.
Your magical contamination has completely faded away.
Found 24 bolts.
You see here 18 gold pieces.
You now have 640 gold pieces (gained 18).
A scorpion comes into view.
Found a stone staircase leading down.
Casting: Blade Hands
Confirm with . or Enter, or press ? or * to list all spells.
Your hands turn into razor-sharp scythe blades.
Your +2 pair of gloves melds into your body.
You slice the scorpion!!
You kill the scorpion!
Cheibriados appreciates the change of pace.
Something hits you.
* * * LOW HITPOINT WARNING * * *
You slice something!!
You hear a shout!
Something closely misses you.
You hear a shout! x2
An orc wizard comes into view. It is wielding a dagger.
Something hits you but does no damage.
An orc comes into view. It is wielding a short sword.
Something barely misses you.
The orc wizard hits you but does no damage.
There is an escape hatch in the ceiling here.
Unknown command.
You shred the orc wizard!!!
You kill the orc wizard!
Cheibriados thoroughly appreciates the change of pace.
Your Conjurations skill increases to level 5!
Your Hexes skill increases to level 5!
Your Charms skill increases to level 5!
Your Summonings skill increases to level 5!
Your Necromancy skill increases to level 5!
Your Translocations skill increases to level 5!
Your Fire Magic skill increases to level 5!
Your Ice Magic skill increases to level 5!
Your Air Magic skill increases to level 5!
Your Earth Magic skill increases to level 5!
Your Poison Magic skill increases to level 5!
Something hits you!
* * * LOW HITPOINT WARNING * * *
An orc comes into view.
Unknown command.
Something hits you.
* * * LOW HITPOINT WARNING * * *
A mysterious force pulls you upwards.
The hatch slams shut behind you. 2 skeletal warriors come into view.
The skeletal warrior hits you with a mace.
* * * LOW HITPOINT WARNING * * *
The skeletal warrior hits you with a mace.
* * * LOW HITPOINT WARNING * * *
Okay, then.
You warp the flow of time around you!
You feel somewhat more hungry.
You can no longer inflict damage on those overly hasty.
Cheibriados lowers the support of your attributes as your movement quickens.
Unknown command.
Okay, then.
You slash the skeletal warrior! Your bite misses the skeletal warrior.
The skeletal warrior is lightly damaged.
The skeletal warrior hits you with a mace!
* * * LOW HITPOINT WARNING * * *
You barely miss the skeletal warrior.
The skeletal warrior is lightly damaged.
The skeletal warrior hits you with a mace!
You die...

.# .####
###########....
#.............
#<.Z..zz..
#.###.##.# #.#
##.# #.# #@.#
#.# #z...# #.#
#.##.# ## ∆ ...
..# # ∆ . . ..#
### ..# # ..##
.... # #


You could see a skeletal warrior.

Vanquished Creatures
  A hydra (D:12)
  Pikel (D:8)
  An ugly thing (D:12)
  A deep elf mage (D:12)
  A centaur skeleton (D:12)
  3 kobold demonologists (D:12)
  2 hippogriffs (D:11)
  7 yaks (D:12)
  A human (D:7)
  4 hogs (D:7)
  4 orc warriors
  An ice beast (D:11)
  A phantom (D:8)
  2 sky beasts
  A black bear (D:11)
  A necrophage (D:8)
  An ogre (D:6)
  5 centaurs (D:12)
  A big kobold (D:12)
  An elf zombie (Ossuary)
  Blork the orc (D:5)
  A bullfrog (D:10)
  A scorpion (D:13)
  6 killer bees (D:11)
  4 crimson imps
  A human zombie (Ossuary)
  3 hounds
  A bullfrog skeleton (D:5)
  3 orc priests
  3 jellies
  3 iguanas
  5 worker ants
  7 orc wizards
  2 mummies (Ossuary)
  A worker ant zombie (D:11)
  6 gnolls
  3 adders
  A shadow imp (D:8)
  An ooze (D:1)
  A worm (D:5)
  19 orcs
  A ball python (D:2)
  3 bats
  2 giant cockroaches (D:5)
  2 gnoll zombies (Ossuary)
  5 goblins
  2 hobgoblins
  12 jackals
  A quokka (D:5)
  3 frilled lizards (D:1)
  4 goblin zombies (Ossuary)
  2 hobgoblin zombies (Ossuary)
  7 kobolds
  A leopard gecko zombie (D:8)
  An orc zombie (Ossuary)
159 creatures vanquished.

Vanquished Creatures (collateral kills)
  A water moccasin (D:5)
  A jelly (D:7)
  A gnoll (D:2)
  A dart slug (D:1)
  A frilled lizard (D:3)
  A goblin zombie (Ossuary)
  A hobgoblin zombie (Ossuary)
  An orc zombie (Ossuary)
8 creatures vanquished.

Vanquished Creatures (others)
  2 slaves (D:8)
  A human (D:3)
  An adder (D:8)
4 creatures vanquished.

Grand Total: 171 creatures vanquished

Notes
Turn   | Place    | Note
-------+----------+-------------------------------------------
     0 | D:1      | tidbits the Gnoll Transmuter began the quest for the Orb.
     0 | D:1      | Reached XP level 1. HP: 17/17 MP: 6/6
    44 | D:1      | Reached XP level 2. HP: 17/23 MP: 7/7
    48 | D:1      | Learned a level 2 spell: Sticks to Snakes
   167 | D:2      | Found a faded altar of an unknown god.
   214 | D:2      | Reached skill level 5 in Spellcasting
   214 | D:2      | Reached XP level 3. HP: 8/28 MP: 2/9
   217 | D:2      | Reached skill level 1 in Invocations
   249 | D:2      | Found Zin's Purification Station.
   253 | D:2      | Reached skill level 1 in Short Blades
   253 | D:2      | Reached skill level 1 in Long Blades
   253 | D:2      | Reached skill level 1 in Axes
   253 | D:2      | Reached skill level 1 in Maces & Flails
   253 | D:2      | Reached skill level 1 in Polearms
   253 | D:2      | Reached skill level 1 in Staves
   253 | D:2      | Reached skill level 1 in Slings
   253 | D:2      | Reached skill level 1 in Bows
   253 | D:2      | Reached skill level 1 in Crossbows
   253 | D:2      | Reached skill level 1 in Throwing
   253 | D:2      | Reached skill level 1 in Armour
   253 | D:2      | Reached skill level 1 in Stealth
   253 | D:2      | Reached skill level 1 in Shields
   253 | D:2      | Reached skill level 1 in Evocations
   253 | D:2      | Reached XP level 4. HP: 13/34 MP: 7/11
   261 | D:2      | Learned a level 3 spell: Spider Form
   279 | D:2      | Found a glowing silver altar of Zin.
   350 | D:3      | Reached skill level 1 in Conjurations
   350 | D:3      | Reached skill level 1 in Hexes
   350 | D:3      | Reached skill level 1 in Charms
   350 | D:3      | Reached skill level 1 in Summonings
   350 | D:3      | Reached skill level 1 in Necromancy
   350 | D:3      | Reached skill level 1 in Translocations
   350 | D:3      | Reached skill level 1 in Fire Magic
   350 | D:3      | Reached skill level 1 in Ice Magic
   350 | D:3      | Reached skill level 1 in Air Magic
   350 | D:3      | Reached skill level 1 in Earth Magic
   350 | D:3      | Reached skill level 1 in Poison Magic
   455 | D:4      | Found a hide-covered altar of Uskayaw.
   455 | D:4      | Noticed a hand axe
   456 | D:4      | Noticed a dagger
   492 | D:3      | Found an ancient bone altar of Kikubaaqudgha.
   492 | D:3      | Noticed a human
   496 | D:3      | Killed a human
   567 | D:4      | Found Raycvi's Antique Armour Shoppe.
   588 | D:4      | Bought a sheer robe for 119 gold pieces
   598 | D:4      | Identified the +2 robe of Watchfulness {MR+} (You bought it in a shop on level 4 of the Dungeon)
   623 | D:5      | Entered Level 5 of the Dungeon
   632 | D:5      | Reached XP level 5. HP: 35/40 MP: 4/12
   633 | D:5      | Noticed a water moccasin
   638 | D:5      | Reached skill level 3 in Fighting
   645 | D:5      | Killed a water moccasin
   645 | D:5      | Reached skill level 4 in Transmutations
   645 | D:5      | Reached XP level 6. HP: 37/47 MP: 4/13
   650 | D:5      | Noticed Blork the orc
   657 | D:5      | Killed Blork the orc
   657 | D:5      | Reached skill level 2 in Invocations
   690 | D:6      | Reached skill level 2 in Short Blades
   690 | D:6      | Reached skill level 2 in Long Blades
   690 | D:6      | Reached skill level 2 in Axes
   690 | D:6      | Reached skill level 2 in Maces & Flails
   690 | D:6      | Reached skill level 2 in Polearms
   690 | D:6      | Reached skill level 2 in Staves
   690 | D:6      | Reached skill level 2 in Slings
   690 | D:6      | Reached skill level 2 in Bows
   690 | D:6      | Reached skill level 2 in Crossbows
   690 | D:6      | Reached skill level 2 in Throwing
   690 | D:6      | Reached skill level 2 in Armour
   690 | D:6      | Reached skill level 5 in Dodging
   690 | D:6      | Reached skill level 2 in Stealth
   690 | D:6      | Reached skill level 2 in Shields
   690 | D:6      | Reached skill level 2 in Evocations
   750 | D:6      | Learned a level 5 spell: Blade Hands
   782 | D:4      | Reached XP level 7. HP: 26/52 MP: 5/15
   845 | D:5      | Reached skill level 7 in Unarmed Combat
   848 | D:5      | Found a staircase to the Ecumenical Temple.
   858 | Temple   | Entered the Ecumenical Temple
   900 | Temple   | Became a worshipper of Cheibriados the Contemplative
  1023 | D:6      | Reached skill level 2 in Conjurations
  1023 | D:6      | Reached skill level 2 in Hexes
  1023 | D:6      | Reached skill level 2 in Charms
  1023 | D:6      | Reached skill level 2 in Summonings
  1023 | D:6      | Reached skill level 2 in Necromancy
  1023 | D:6      | Reached skill level 2 in Translocations
  1023 | D:6      | Reached skill level 2 in Fire Magic
  1023 | D:6      | Reached skill level 2 in Ice Magic
  1023 | D:6      | Reached skill level 2 in Air Magic
  1023 | D:6      | Reached skill level 2 in Earth Magic
  1023 | D:6      | Reached skill level 2 in Poison Magic
  1084 | D:8      | Noticed Pikel
  1214 | D:7      | Noticed a hog
  1214 | D:7      | Noticed a human
  1214 | D:7      | Noticed a hog
  1214 | D:7      | Noticed a hog
  1215 | D:7      | Noticed a hog
  1232 | D:7      | Killed a hog
  1237 | D:7      | Killed a hog
  1237 | D:7      | Reached skill level 3 in Invocations
  1237 | D:7      | Reached XP level 8. HP: 33/60 MP: 12/16
  1243 | D:7      | Reached skill level 4 in Fighting
  1243 | D:7      | Reached skill level 3 in Short Blades
  1243 | D:7      | Reached skill level 3 in Long Blades
  1243 | D:7      | Reached skill level 3 in Axes
  1243 | D:7      | Reached skill level 3 in Maces & Flails
  1243 | D:7      | Reached skill level 3 in Polearms
  1243 | D:7      | Reached skill level 3 in Staves
  1243 | D:7      | Reached skill level 3 in Slings
  1243 | D:7      | Reached skill level 3 in Bows
  1243 | D:7      | Reached skill level 3 in Crossbows
  1243 | D:7      | Reached skill level 3 in Throwing
  1243 | D:7      | Reached skill level 3 in Armour
  1243 | D:7      | Reached skill level 3 in Stealth
  1243 | D:7      | Reached skill level 3 in Shields
  1243 | D:7      | Reached skill level 3 in Evocations
  1250 | D:7      | Reached skill level 6 in Spellcasting
  1379 | D:8      | Killed Pikel
  1379 | D:8      | Reached skill level 6 in Dodging
  1379 | D:8      | Reached skill level 3 in Conjurations
  1379 | D:8      | Reached skill level 3 in Hexes
  1379 | D:8      | Reached skill level 3 in Charms
  1379 | D:8      | Reached skill level 3 in Summonings
  1379 | D:8      | Reached skill level 3 in Necromancy
  1379 | D:8      | Reached skill level 3 in Translocations
  1379 | D:8      | Reached skill level 5 in Transmutations
  1379 | D:8      | Reached skill level 3 in Fire Magic
  1379 | D:8      | Reached skill level 3 in Ice Magic
  1379 | D:8      | Reached skill level 3 in Air Magic
  1379 | D:8      | Reached skill level 3 in Earth Magic
  1379 | D:8      | Reached skill level 3 in Poison Magic
  1379 | D:8      | Reached skill level 4 in Invocations
  1379 | D:8      | Reached XP level 9. HP: 40/66 MP: 11/18
  1409 | D:8      | Reached * piety under Cheibriados
  1409 | D:8      | Reached skill level 4 in Short Blades
  1409 | D:8      | Reached skill level 4 in Long Blades
  1409 | D:8      | Reached skill level 4 in Axes
  1409 | D:8      | Reached skill level 4 in Maces & Flails
  1409 | D:8      | Reached skill level 4 in Polearms
  1409 | D:8      | Reached skill level 4 in Staves
  1409 | D:8      | Reached skill level 4 in Slings
  1409 | D:8      | Reached skill level 4 in Bows
  1409 | D:8      | Reached skill level 4 in Crossbows
  1409 | D:8      | Reached skill level 4 in Throwing
  1409 | D:8      | Reached skill level 4 in Armour
  1409 | D:8      | Reached skill level 4 in Stealth
  1409 | D:8      | Reached skill level 4 in Shields
  1409 | D:8      | Reached skill level 4 in Evocations
  1477 | D:8      | Found a sand-covered staircase.
  1481 | Ossuary  | Entered an ossuary
  1633 | D:8      | Reached skill level 5 in Fighting
  1731 | D:10     | Entered Level 10 of the Dungeon
  1744 | D:10     | Reached ** piety under Cheibriados
  1778 | D:10     | Noticed EvilAshe's ghost (journeyman DrWz)
  1797 | D:11     | Reached skill level 8 in Unarmed Combat
  1828 | D:11     | Reached skill level 5 in Invocations
  1857 | D:11     | Reached XP level 10. HP: 49/74 MP: 15/20
  1857 | D:11     | Reached skill level 7 in Spellcasting
  1984 | D:12     | Noticed a skeletal warrior
  1984 | D:12     | Noticed a skeletal warrior
  2054 | D:10     | Reached skill level 4 in Conjurations
  2054 | D:10     | Reached skill level 4 in Hexes
  2054 | D:10     | Reached skill level 4 in Charms
  2054 | D:10     | Reached skill level 4 in Summonings
  2054 | D:10     | Reached skill level 4 in Necromancy
  2054 | D:10     | Reached skill level 4 in Translocations
  2054 | D:10     | Reached skill level 4 in Fire Magic
  2054 | D:10     | Reached skill level 4 in Ice Magic
  2054 | D:10     | Reached skill level 4 in Air Magic
  2054 | D:10     | Reached skill level 4 in Earth Magic
  2054 | D:10     | Reached skill level 4 in Poison Magic
  2257 | D:12     | Noticed a seven-headed hydra
  2266 | D:12     | Killed a seven-headed hydra
  2266 | D:12     | Reached *** piety under Cheibriados
  2266 | D:12     | Reached skill level 5 in Short Blades
  2266 | D:12     | Reached skill level 5 in Long Blades
  2266 | D:12     | Reached skill level 5 in Axes
  2266 | D:12     | Reached skill level 5 in Maces & Flails
  2266 | D:12     | Reached skill level 5 in Polearms
  2266 | D:12     | Reached skill level 5 in Staves
  2266 | D:12     | Reached skill level 5 in Slings
  2266 | D:12     | Reached skill level 5 in Bows
  2266 | D:12     | Reached skill level 5 in Crossbows
  2266 | D:12     | Reached skill level 5 in Throwing
  2266 | D:12     | Reached skill level 5 in Armour
  2266 | D:12     | Reached skill level 7 in Dodging
  2266 | D:12     | Reached skill level 5 in Stealth
  2266 | D:12     | Reached skill level 5 in Shields
  2266 | D:12     | Reached skill level 5 in Evocations
  2291 | D:12     | Reached skill level 6 in Fighting
  2304 | D:12     | Reached skill level 6 in Transmutations
  2304 | D:12     | Reached skill level 6 in Invocations
  2322 | D:12     | Gained mutation: You are weak. (Str -2) [potion of mutation]
  2322 | D:12     | Gained mutation: Scrolls take you a little longer to read. [potion of mutation]
  2322 | D:12     | Gained mutation: Your magical capacity is low. (-10% MP) [potion of mutation]
  2322 | D:12     | Gained mutation: Your system is resistant to poisons. (rPois) [potion of mutation]
  2331 | D:13     | Noticed a cyan ugly thing
  2351 | D:12     | Noticed a kobold demonologist
  2351 | D:12     | Noticed a kobold demonologist
  2367 | D:12     | Noticed a kobold demonologist
  2367 | D:12     | Killed a kobold demonologist
  2371 | D:12     | Killed a kobold demonologist
  2381 | D:12     | Reached XP level 11. HP: 45/82 MP: 17/20
  2418 | D:12     | Reached **** piety under Cheibriados
  2428 | D:12     | Noticed a green ugly thing
  2432 | D:12     | Lost mutation: Your system is resistant to poisons. (rPois) [potion of mutation]
  2432 | D:12     | Lost mutation: You are weak. (Str -2) [potion of mutation]
  2432 | D:12     | Lost mutation: Scrolls take you a little longer to read. [potion of mutation]
  2432 | D:12     | Gained mutation: You have sharp toenails. [potion of mutation]
  2432 | D:12     | Gained mutation: You are dopey. (Int -2) [potion of mutation]
  2432 | D:12     | Gained mutation: You are partially covered in molten scales. (AC +2) [potion of mutation]
  2442 | D:12     | Noticed a deep elf mage
  2444 | D:12     | Killed a green ugly thing
  2451 | D:12     | Killed a deep elf mage
  2451 | D:12     | Reached skill level 6 in Short Blades
  2451 | D:12     | Reached skill level 6 in Long Blades
  2451 | D:12     | Reached skill level 6 in Axes
  2451 | D:12     | Reached skill level 6 in Maces & Flails
  2451 | D:12     | Reached skill level 6 in Polearms
  2451 | D:12     | Reached skill level 6 in Staves
  2451 | D:12     | Reached skill level 6 in Slings
  2451 | D:12     | Reached skill level 6 in Bows
  2451 | D:12     | Reached skill level 6 in Crossbows
  2451 | D:12     | Reached skill level 6 in Throwing
  2451 | D:12     | Reached skill level 6 in Armour
  2451 | D:12     | Reached skill level 6 in Stealth
  2451 | D:12     | Reached skill level 6 in Shields
  2451 | D:12     | Reached skill level 9 in Unarmed Combat
  2451 | D:12     | Reached skill level 6 in Evocations
  2507 | D:13     | Reached skill level 5 in Conjurations
  2507 | D:13     | Reached skill level 5 in Hexes
  2507 | D:13     | Reached skill level 5 in Charms
  2507 | D:13     | Reached skill level 5 in Summonings
  2507 | D:13     | Reached skill level 5 in Necromancy
  2507 | D:13     | Reached skill level 5 in Translocations
  2507 | D:13     | Reached skill level 5 in Fire Magic
  2507 | D:13     | Reached skill level 5 in Ice Magic
  2507 | D:13     | Reached skill level 5 in Air Magic
  2507 | D:13     | Reached skill level 5 in Earth Magic
  2507 | D:13     | Reached skill level 5 in Poison Magic
  2509 | D:12     | Noticed a skeletal warrior
  2509 | D:12     | Noticed a skeletal warrior
  2510 | D:12     | HP: 3/83 [skeletal warrior/mace[a skeletal warrior] (10)]
  2511 | D:12     | Mangled by a skeletal warrior

Skill      XL: |  1  2  3  4  5  6  7  8  9 10 11 |
---------------+----------------------------------+-----
Spellcasting   | 5 6 7 |  7.9
Invocations    | 1 2 3 4 5 6 |  6.6
Short Blades   | 1 2 3 4 5 6 |  6.0
Long Blades    | 1 2 3 4 5 6 |  6.0
Axes           | 1 2 3 4 5 6 |  6.0
Maces & Flails | 1 2 3 4 5 6 |  6.0
Polearms       | 1 2 3 4 5 6 |  6.0
Staves         | 1 2 3 4 5 6 |  6.0
Slings         | 1 2 3 4 5 6 |  6.0
Bows           | 1 2 3 4 5 6 |  6.0
Crossbows      | 1 2 3 4 5 6 |  6.0
Throwing       | 1 2 3 4 5 6 |  6.0
Armour         | 1 2 3 4 5 6 |  6.0
Stealth        | 1 2 3 4 5 6 |  6.0
Shields        | 1 2 3 4 5 6 |  6.0
Evocations     | 1 2 3 4 5 6 |  6.0
Conjurations   | 1 2 3 4 5 |  5.0
Hexes          | 1 2 3 4 5 |  5.0
Charms         | 1 2 3 4 5 |  5.0
Summonings     | 1 2 3 4 5 |  5.0
Necromancy     | 1 2 3 4 5 |  5.0
Translocations | 1 2 3 4 5 |  5.0
Fire Magic     | 1 2 3 4 5 |  5.0
Ice Magic      | 1 2 3 4 5 |  5.0
Air Magic      | 1 2 3 4 5 |  5.0
Earth Magic    | 1 2 3 4 5 |  5.0
Poison Magic   | 1 2 3 4 5 |  5.0
Fighting       | 3 4 5 6 |  6.6
Transmutations | 4 5 6 |  6.3
Dodging        | 5 6 7 |  7.6
Unarmed Combat | 7 8 9 |  9.0

Action                   |  1- 3 |  4- 6 |  7- 9 | 10-12 || total
-------------------------+-------+-------+-------+-------++-------
Melee: Unarmed           |    37 |    64 |   116 |   106 ||   323
       Kick              |     6 |       |       |       ||     6
       Bite              |     4 |       |    14 |     8 ||    26
       Headbutt          |     2 |       |       |       ||     2
       War axe           |       |       |    44 |    13 ||    57
       Punch             |       |       |     2 |     7 ||     9
       Dagger            |       |       |       |     3 ||     3
Throw: Stone             |       |       |     1 |       ||     1
       Javelin           |       |       |    13 |     2 ||    15
       Tomahawk          |       |       |     1 |       ||     1
 Cast: Beastly Appendage |     7 |       |       |       ||     7
       Sticks to Snakes  |     4 |     6 |    16 |     3 ||    29
       Spider Form       |       |    11 |     9 |       ||    20
       Blade Hands       |       |       |     9 |     8 ||    17
Invok: Temporal Distorti |       |       |       |     1 ||     1
 Abil: End Transformatio |       |       |     2 |     4 ||     6
Evoke: Wand              |       |     1 |       |       ||     1
  Use: Potion            |     2 |       |     5 |     7 ||    14
       Scroll            |       |     6 |     3 |     3 ||    12
 Stab: Sleeping          |     1 |       |     2 |     3 ||     6
       Invisible         |     1 |       |       |     6 ||     7
       Distracted        |       |     4 |     1 |     1 ||     6
  Eat: Chunk             |       |       |     5 |       ||     5
       Ration            |       |       |     1 |     1 ||     2
Armor: Robe              |    10 |       |    41 |    25 ||    76
       Skin              |       |     5 |    36 |    33 ||    74
Dodge: Dodged            |    30 |    47 |   134 |    49 ||   260

Table legend:
 A = Turns spent in this place as a percentage of turns spent in the entire game.
 B = Non-inter-level travel turns spent in this place as a percentage of non-inter-level travel turns spent in the entire game.
 C = Inter-level travel turns spent in this place as a percentage of turns spent in this place.
 D = Turns resting spent in this place as a percentage of non-inter-level travel turns spent in this place.
 E = Turns spent auto-exploring this place as a percentage of non-inter-level travel turns spent in this place.
 F = Non-inter-level travel turns spent in this place divided by the number of levels of this place that you've seen.
                   A       B       C       D       E      F
               +-------+-------+-------+-------+-------+----------------------
         Total | 100.0 | 100.0 |   0.3 |   0.0 |   0.0 | 166.9
       Dungeon |  92.8 |  93.0 |   0.0 |   0.0 |   0.0 | 179.2
        Temple |   2.8 |   2.6 |   9.9 |   0.0 |   0.0 |  64.0
       Ossuary |   4.4 |   4.4 |   0.0 |   0.0 |   0.0 | 111.0
               +-------+-------+-------+-------+-------+----------------------

Table legend:
 A = Kills in this place as a percentage of kills in entire the game.
 B = Kills by you in this place as a percentage of kills by you in the entire game.
 C = Kills by friends in this place as a percentage of kills by friends in the entire game.
 D = Other kills in this place as a percentage of other kills in the entire game.
 E = Experience gained in this place as a percentage of experience gained in the entire game.
 F = Experience gained in this place divided by the number of levels of this place that you have seen.
                   A       B       C       D       E      F
               +-------+-------+-------+-------+-------+----------------------
         Total | 100.0 | 100.0 | 100.0 |   N/A | 100.0 | 763.3
       Dungeon |  90.4 |  91.8 |  62.5 |   N/A |  98.4 | 866.7
       Ossuary |   9.6 |   8.2 |  37.5 |   N/A |   1.6 | 183.0
               +-------+-------+-------+-------+-------+----------------------

Vault maps used:
D:1:      lightli_iron_boxes
D:2:      zin_purify, chequers_ecumenical_altar_island, wad_floor_pattern_2
D:3:      makhleb_grotto_becter, first_ration, tgw_kikubaaqudgha
D:4:      dancing_weapons_uskayaw, serial_shops, shop, hangedman_decor_points
D:5:      old_standard_altar, minmay_temple_entry_glassed_door,
          uniq_blork_the_orc, uniq_grinder, uniq_menkaure
D:6:      minmay_misc_feat_ornament, minivault_23, nicolae_sextant,
          kennysheep_generic_room_11
D:7:      gammafunk_temple_overflow_forgotten, grunt_livestock
D:8:      grunt_dithmenos_shadows, david_lair_shrubbed,
          lightli_ossuary_entry_decrepit_ruins,
          nicolae_qazlal_general_emergency, uniq_pikel
D:9:      uniq_joseph
D:11:     david_orc_1_choice, hangedman_tree_tricks, uniq_fannar
D:13:     david_vaults_2, lightli_wizard_tower, uniq_josephine
Temple:   jpeg_temple_clearing
Ossuary:  minmay_ossuary_gauntlet
